[Event "Sinquefield Cup 2022"]
[Site "Chess.com"]
[Date "2022.09.04"]
[Round "3"]
[White "Carlsen, Magnus"]
[Black "Niemann, Hans Moke"]
[Result "0-1"]
[WhiteElo "2864"]
[BlackElo "2687"]
[ECO "E20"]
[EventDate "2022.??.??"]
[Annotator "Rafael Leitão"]
[PlyCount "114"]
[Beauty "6529424038921"]
[EventType "swiss"]
[EventRounds "9"]
[TimeControl "5400+30"]

{Last time Niemann with the black pieces beat Carlsen. This was just a few days ago, and he granted us one of the most iconic sentences in modern chess history. Will he be up to the challenge in future interviews after repeating the feat, this time in a classical game $2 But what he says, as we know, is not so important as chess speaks for itself.} 
1.d4 Nf6 2.c4 e6 3.Nc3 {Of all the world champions, Carlsen is the one of with the most flexible opening repertoire. He can play anything. I wonder how his opponents prepare against him.} 3...Bb4 4.g3 {Not the most popular move against the Nimzo.} 4...O-O 5.Bg2 d5 6.a3 Bxc3+ 7.bxc3 dxc4 8.Nf3 c5 9.O-O {Carlsen uses his usual strategy of going for a sideline with not so much theory and not so much advantage either. This worked like a charm in his first-round game, but it's going to backfire in this game. I admired his cleverness when he won, and I am going to criticize the same strategy now that he lost, since, as we say jokingly, \"The same hands that clap are the ones that boo.\"} 9...cxd4 {9...Bd7 and 9...Nc6 are also possible.} 10.Qxd4 {Already a new move.} ( 10.cxd4 {was tried before.} ) 10...Nc6 11.Qxc4 e5 $1 {A good move, preparing to develop the bishop to an active square.} 12.Bg5 h6 13.Rfd1 $6 {It seems smart to play this before capturing the knight, but this move is wrong for tactical reasons.} ( 13.Bxf6 {It's better to take immediately, although White has nothing special after} 13...Qxf6 14.Nd2 Qe7 ) 13...Be6 $1 {An accurate move.} ( 13...Qe7 $6 {is exactly what White wants, as he wins a tempo compared to 13. Bxf6.} 14.Bxf6 Qxf6 15.Nd2 {and now it's possible to fight for the advantage.} ) 14.Rxd8 {The best move to fight for equality.} ( 14.Qc5 Qa5 15.Be3 Nd5 {is unpleasant.} ) 14...Bxc4 15.Rxa8 Rxa8 16.Bxf6 gxf6 {The opening phase is over, and the conclusion is clear: a sad outcome for Carlsen, who now must fight for a draw, after no more than 16 moves, without any winning chances whatsoever. This must have depressed him, as his play in this endgame is not up to his very high standards.} 17.Kf1 {A solid move. White can also sacrifice the e2-pawn in different ways with good drawing chances in all cases.} ( 17.Rd1 $5 Bxe2 18.Rd7 ) ( 17.Nd2 Bxe2 18.Ne4 ) ( 17.Nh4 Bxe2 18.Nf5 ) 17...Rd8 18.Ke1 Na5 19.Rd1 Rc8 $1 {It's necessary to keep the rooks in order to play for a win; otherwise, it will be much easier for White to protect his queenside weaknesses.} 20.Nd2 Be6 21.c4 $5 ( 21.Ne4 f5 22.Nd6 Rxc3 {The computer indicates drawing chances here with precise play, but it looks very scary for human eyes as the compensation for the missing pawn is not clear.} ) ( 21.Rc1 {is too passive.} 21...f5 {followed by bringing the king to the center with a better pawn structure and more active pieces.} ) 21...Bxc4 ( 21...Kf8 {followed by Ke7 is also possible.} ) 22.Nxc4 ( 22.Ne4 {is the natural move and gives good drawing chances. Maybe Carlsen missed the correct reply after 22...Bb3.} 22...Bb3 23.Nd6 $1 {An important move.} ( 23.Nxf6+ {is dangerous, although it's still possible to defend after} 23...Kg7 24.Bh3 $1 ( 24.Nh5+ $2 Kg6 25.Rd6+ Be6 $1 {and Black wins.} ( 25...Kxh5 $4 {It's always possible to lose a winning game.} 26.Bf3+ Kg5 27.h4+ Kf5 28.e4# ) ) 24...Rc2 25.Rd6 {with drawing chances.} ) ) 22...Rxc4 23.Rd8+ Kg7 24.Bd5 {Otherwise, Black closes off the bishop with e5-e4.} 24...Rc7 {Black is a pawn up, but with an active rook and bishop against knight, it should be possible for White to secure a draw.} 25.Ra8 ( 25.f3 {This seems good technique, preparing Kf2 and hindering the advance of Black's central pawns.} ) 25...a6 26.Rb8 f5 27.Re8 {Carlsen provokes the advance in order to break Black's pawn structure, but this is not a good strategy.} ( 27.f3 {This move, avoiding e5-e4, is useful again.} ) 27...e4 28.g4 $2 {It's better to break the structure with 28.f3 or wait with 28.Rd8.} ( 28.f3 ) ( 28.Rd8 ) 28...Rc5 $1 29.Ba2 Nc4 $6 ( 29...fxg4 $1 {is the best. After} 30.Rxe4 f5 {Black should win with an extra pawn.} ) 30.a4 $2 ( 30.Bxc4 $1 {\"All rook endgames are drawn.\" This quote is attributed to Siegbert Tarrasch, and even if it's not entirely true, it gives us some guidance to search for salvation in rook endgames.} 30...Rxc4 31.gxf5 {And it's probably possible to escape, for instance:} 31...b5 32.Rb8 $1 Ra4 33.Rb6 Rxa3 34.Kd2 ) 30...Nd6 $1 {Niemann now uses a nice tactical idea to achieve a winning position.} 31.Re7 ( 31.Rd8 e3 $1 {This is the point.} 32.fxe3 Ne4 33.Kf1 Rc1+ 34.Kg2 Rc2 {and the e2-pawn falls.} ) 31...fxg4 {This doesn't spoil anything, but 31...Rc2 wins immediately.} ( 31...Rc2 $1 32.Bb3 ( 32.Bd5 Rc1+ 33.Kd2 Rc5 34.Bb3 fxg4 {and Black is simply two pawns up.} ) 32...Rc3 33.Ba2 fxg4 34.Rd7 Nc4 $1 {and the b7-pawn cannot be captured because of mate.} ) 32.Rd7 e3 $1 33.fxe3 ( 33.Rxd6 Rc1+ 34.Rd1 exf2+ $19 ) 33...Ne4 34.Kf1 Rc1+ $6 ( 34...Rf5+ $1 {is better.} 35.Kg1 b5 36.axb5 axb5 37.Bb1 Re5 {with a winning position.} ) 35.Kg2 Rc2 36.Bxf7 Rxe2+ 37.Kg1 Re1+ 38.Kg2 Re2+ 39.Kg1 Kf6 {White still has drawing chances here, but it's nearly impossible to find it.} 40.Bd5 $2 ( 40.Rxb7 {is the best move. But after} 40...Ng5 {It looks like the game is over, since the knight is too dangerous. But the machine indicates} 41.Bh5 $1 Nf3+ 42.Kf1 Ra2 {And now the fantastic (and forced)} 43.h4 $3 {is close to a draw, according to my PC. No human can play like this yet.} ) 40...Rd2 $1 41.Rf7+ Kg6 42.Rd7 $6 ( 42.Rf4 {Going for a rook endgame is the best chance.} 42...Rxd5 43.Rxe4 ) 42...Ng5 $1 {Now it's over.} 43.Bf7+ Kf5 44.Rxd2 Nf3+ 45.Kg2 Nxd2 46.a5 Ke5 $1 {A fine move, as the king must control the bishop's active attempts connected with Be6-c8.} 47.Kg3 Nf1+ 48.Kf2 ( 48.Kxg4 Nxh2+ 49.Kh5 Nf1 50.Kxh6 Nxe3 {followed by Kd4 and Nc4.} ) 48...Nxh2 49.e4 Kxe4 50.Be6 Kf4 51.Bc8 Nf3 52.Bxb7 Ne5 53.Bxa6 Nc6 54.Bb7 Nxa5 55.Bd5 h5 56.Bf7 h4 57.Bd5 Ke5 {A convincing win. GM Niemann must be very proud of his efforts in this game.} 0-1

[Event "Sinquefield Cup 2022"]
[Site "Chess.com"]
[Date "2022.09.05"]
[Round "4"]
[White "Caruana, Fabiano"]
[Black "Vachier Lagrave, Maxime"]
[Result "1-0"]
[WhiteElo "2758"]
[BlackElo "2757"]
[ECO "B90"]
[EventDate "2022.??.??"]
[Annotator "Rafael Leitão"]
[PlyCount "183"]
[Beauty "4810896065556"]
[EventType "swiss"]
[EventRounds "9"]
[TimeControl "5400+30"]

{Round four was a strange day for the chess world. Magnus Carlsen made the surprising decision to withdraw from the tournament, leaving everyone dumbfounded. Fortunately, the day was not only made up of controversies; we also had great chess. This game is very interesting in all its phases and also had its share of drama.} 
1.e4 c5 2.Nf3 d6 3.d4 cxd4 4.Nxd4 Nf6 5.Nc3 a6 6.f3 {Vachier-Lagrave is faithful to his Najdorf Defense and Caruana to his English Attack. A theoretical battle appears on the board.} 6...e5 7.Nb3 Be6 8.Be3 Be7 9.Qd2 O-O 10.O-O-O Nbd7 11.g4 b5 12.g5 Nh5 ( 12...b4 13.gxf6 bxc3 14.Qxc3 Nxf6 15.Na5 {and Caruana achieved an important win in the Olympiad. Caruana-Maghsoodloo, Chennai 2022.} ) 13.Kb1 Nb6 14.Na5 Rc8 15.Nd5 ( 15.a3 {was played by Caruana against the same opponent last year.} ) 15...Nxd5 16.exd5 Bxd5 17.Qxd5 Qxa5 18.c4 Nf4 19.Bxf4 exf4 {All this is still well-known theory.} 20.h4 Qa4 21.Rc1 ( 21.Bd3 {gave Dominguez a win against Vachier-Lagrave last year. The Frenchman certainly has some improvement up his sleeve.} ) 21...Rc5 {A novelty in my human database, but there are still computer games with this move. The Najdorf theory can go very far.} ( 21...Rfe8 {seems more reliable.} ) 22.Qe4 {From now on, I suspect Vachier-Lagrave's preparation ended, or maybe he forgot his analysis.} 22...Re5 $6 ( 22...Re8 $1 {is better. The idea is to sacrifice a pawn and achieve good compensation after} 23.Bd3 g6 24.Qxf4 Bf8 ) 23.Qxf4 f6 $2 {Black wants to activate his bishop, but this move creates weaknesses around the king and loses. 23...Rb8 or 23... Qb4 are better alternatives, although Black's position is already difficult.} ( 23...Rb8 ) ( 23...Qb4 ) 24.Qh2 {Caruana thought for a long time to play this move. It still gives White a big advantage, but 24.Qd2 is even better.} ( 24.gxf6 $2 Bxf6 {is what Black wants.} ) ( 24.g6 {is tempting, but not clear after} 24...d5 $1 ( 24...hxg6 $2 25.Qg3 {with a strong attack.} ) ) ( 24.Qd2 $1 {This is a very strong move and will be played later in the game with the difference that the rook is on e5 here and on c5 in the game. White simply prepares f3-f4.} 24...fxg5 ( 24...bxc4 {is better but has an overwhelming advantage after} 25.Bxc4+ Kh8 26.f4 ) 25.hxg5 {Now White is winning in all variations.} 25...Bxg5 ( 25...Rxg5 26.Bd3 h6 27.Bc2 $1 {and the queen has no squares.} ) 26.Qxd6 Bxc1 ( 26...Rfe8 27.Bd3 h6 28.Bc2 $1 Qa5 29.f4 $3 {This strong move is given by my computer.} 29...Bxf4 ( 29...R5e6 30.Qd5 $18 ) 30.Rcd1 bxc4 31.Rhf1 Rf8 32.Qg6 {with a deadly attack.} ) 27.Bd3 $1 Bh6 28.Qxe5 bxc4 29.Qe6+ Kh8 30.Qe4 g6 31.Qh4 $1 {and White wins.} ) 24...Rc5 ( 24...bxc4 {is a better try, although White is much better after} 25.Bxc4+ Kh8 ) 25.Qe2 Re5 26.Qh2 ( 26.Qd2 {transposes to the lines we checked before.} ) 26...Rc5 27.Qd2 $5 {This is also very effective with the rook on c5.} 27...bxc4 ( 27...fxg5 $2 {Loses in a similar way to the variations previously analyzed.} 28.hxg5 Bxg5 ( 28...Rxg5 29.Bd3 ) 29.Qxd6 Bxc1 30.Bd3 $1 ) 28.Bxc4+ Kh8 29.Qe2 Re5 30.Qd3 d5 31.f4 {A human move, but not the most accurate, according to the machine.} ( 31.Bb3 $6 Qb5 ) ( 31.Bxd5 {is possible, with a better endgame after} 31...Rd8 32.Bb3 ) ( 31.Bxa6 {is the computer's favorite.} ) 31...dxc4 32.Rxc4 Re3 $1 33.Qxe3 Qxc4 34.Qxe7 Kg8 35.Qe3 fxg5 36.fxg5 Rf1+ 37.Rxf1 Qxf1+ 38.Kc2 {After all this logical play, the game arrives at a queen endgame with good winning chances for White. I firmly believe queen endgames are the most difficult in chess, even more than rook endgames. Even the very best can make mistakes, as we will soon see.} 38...Qc4+ 39.Kd2 {The nuances in queen endgames are very hard to understand and even more to explain. Play is very concrete, and sometimes you must check on some exact squares that only a computer can find. For this reason, I will indicate sometimes what the machine think is best, but the reader should not believe that I know why.} 39...Qb4+ ( 39...Qd5+ {is better.} ) 40.Kd3 ( 40.Kd1 $1 {is better. Chess is difficult.} ) 40...Qb5+ 41.Kc3 Qc6+ 42.Kd2 h6 ( 42...Qd5+ {is better.} ) 43.gxh6 Qd5+ 44.Kc2 Qg2+ $6 ( 44...Qc6+ {is more accurate.} ) 45.Qd2 Qc6+ 46.Qc3 ( 46.Kb3 {is more precise.} 46...gxh6 47.Qd3 ) 46...Qxh6 ( 46...Qg6+ {For some mysterious reason, it's better to give this check before capturing the pawn.} 47.Kb3 Qxh6 {Maybe it's because now White can't play b4 like in the game $2} ) 47.Qc4+ Kf8 48.b4 $1 {Now the king hides behind the pawn.} 48...Ke7 49.Kb3 Kd7 50.Ka4 {It's finally clear that White is winning. But the adventures are not over.} 50...Qh5 51.a3 g6 52.Qxa6 Qxh4 53.Qxg6 {The position is easily winning with tablebases on, but not so much when actually playing the game.} 53...Kc7 54.Kb5 Kb7 55.a4 Qe7 56.Qc6+ Kb8 57.Qd5 Qe8+ 58.Kb6 Qe3+ 59.Ka6 Qa7+ 60.Kb5 Qe7 61.Qc6 Qe2+ 62.Ka5 Qe7 63.Qc5 Qf7 64.Qc6 ( 64.b5 {wins easily. It's finally time to push the pawn.} ) 64...Qa7+ 65.Kb5 Qe7 66.Qb6+ Ka8 67.Qc5 $2 {This move throws away the win.} ( 67.Qa6+ Kb8 68.Qc6 {With this triangulation, White forces the black queen to move to a worse square, since she is ideally placed on e7. Chess is easy to explain when you have tablebases at your side.} ) 67...Qb7+ 68.Ka5 Qc7+ $1 {This is the trick.} 69.Kb5 Qb7+ 70.Kc4 Qe4+ 71.Kc3 Qe1+ 72.Kb2 Qd2+ 73.Kb3 Qd1+ 74.Qc2 Qd5+ 75.Kb2 Qd4+ 76.Qc3 Qf2+ 77.Ka3 Qf7 78.Qd3 Qf6 79.a5 Qa1+ $2 ( 79...Qe6 $1 {and tablebases indicate a draw.} ) 80.Kb3 Qe1 81.Kc4 Kb8 82.Qd6+ Ka7 83.Qd4+ Kb7 84.Qd7+ Kb8 85.Qd4 Kb7 86.Qd7+ Kb8 87.a6 $2 {Now it's a draw again.} ( 87.Qd6+ {is one of the winning moves.} ) 87...Qe2+ 88.Qd3 Qe6+ ( 88...Qe7 $1 {is the only move to make a draw. As I wrote earlier, these endgames are impossible for a human to play precisely.} ) 89.Kc5 Qe5+ 90.Qd5 {Now it's over.} 90...Qe3+ 91.Kb5 Qe7 92.a7+ $1 {Caruana forces the exchange of queens.} 1-0

[Event "Sinquefield Cup 2022"]
[Site "Chess.com"]
[Date "2022.09.06"]
[Round "5"]
[White "Dominguez Perez, Leinier"]
[Black "Niemann, Hans Moke"]
[Result "1/2-1/2"]
[WhiteElo "2745"]
[BlackElo "2688"]
[ECO "C54"]
[EventDate "2022.??.??"]
[Annotator "Rafael Leitão"]
[PlyCount "94"]
[Beauty "5705461404680"]
[EventType "swiss"]
[EventRounds "9"]
[TimeControl "5400+30"]

{It must be difficult for the participants to just focus on playing the games right now. It's no wonder that the level of play and combativeness of the tournament has dropped in the last two rounds. Fortunately, tomorrow is a free day and I hope everyone's energies are renewed and tempers calmed so that the tournament continues with great games in its final phase.} 
1.e4 e5 2.Nf3 Nc6 3.Bc4 Nf6 4.d3 Bc5 5.O-O d6 6.c3 a6 7.a4 Ba7 8.Nbd2 O-O 9.h3 h6 10.Re1 Ne7 {An interesting attempt in this heavily theoretical position. 10...Re8 and 10...Be6 are more common.} ( 10...Re8 ) ( 10...Be6 ) 11.Bb3 ( 11.Nf1 {is the main move.} ) ( 11.d4 {is not so good here because of the wise} 11...Nc6 $1 {and White's center is under attack.} ) 11...c5 {This move is ugly because it closes the a7-bishop, but it's point is to make the d4-advance harder for White.} ( 11...Ng6 {is the natural move.} ) 12.Nf1 ( 12.a5 Nc6 13.Nc4 Be6 {and White will have to sacrifice the a5-pawn.} ) ( 12.Nc4 Be6 13.Ne3 {transposes to the game.} ) 12...Be6 13.Ne3 Qd7 14.Bd2 Rad8 $6 {I don't see how this move is useful for Black.} ( 14...b5 $6 {is also not very good after} 15.axb5 axb5 16.Bxe6 fxe6 17.Ng4 $1 Nxg4 18.hxg4 {and this position is me more unpleasant for Black than it seems at first sight. White will push g4-g5 and start some pressure on the kingside.} ) ( 14...Bb6 $5 {Trying to improve the bishop's position is the computer suggestion, although I prefer White.} 15.a5 Bc7 ) 15.a5 $1 {Gaining space on the queenside.} 15...Bb8 ( 15...Ng6 16.c4 {followed by Nd5 with a similar position to what happens in the game.} ) 16.Ba4 Qc8 17.c4 {With natural moves, Dominguez achieves a big positional advantage. White is ready to place a knight on d5 and b2-b4 will open the queenside.} 17...Ng6 18.Nd5 Nxd5 19.cxd5 Bd7 20.b4 cxb4 $6 ( 20...Ba7 {is more stubborn.} ) 21.Rc1 Bxa4 22.Qxa4 Qd7 23.Qxd7 Rxd7 24.Rc4 {A nice touch, although the simple 24.Bxb4 is simple and good.} 24...Ba7 25.Be3 $1 Bxe3 26.fxe3 {This position is objectively lost for Black because of the weaknesses on b7/d6 and the lack of space and counterplay.} 26...f5 {A desperate attempt.} ( 26...Ne7 27.Rxb4 Rc8 28.Reb1 Rcc7 29.g4 {and White is winning in the long run as he can slowly improve the position.} ) 27.exf5 Rxf5 28.Rb1 Rff7 29.Nd2 $1 Ne7 30.e4 Kf8 31.Rcxb4 ( 31.Rbxb4 {is also good.} ) 31...Nc8 32.Nf3 Na7 33.d4 $1 exd4 34.Nxd4 g6 35.R1b3 Kg7 36.h4 {An interesting move, improving the pawn structure., although it's not really necessary.} ( 36.Ne6+ Kf6 37.Rf3+ Ke7 ( 37...Ke5 38.Nf8 $18 ) 38.Rg3 g5 39.h4 $1 gxh4 40.Rg6 {is winning.} ) 36...Nb5 37.Nxb5 $2 {A horrible mistake.The knight belongs to the e6-square.} ( 37.Ne6+ Kf6 38.Rf3+ Ke7 ( 38...Ke5 39.Nf8 $18 ) 39.Rg3 {is easily winning since Black is paralyzed.} 39...Rf6 ( 39...Kf6 40.Rc4 $18 ) 40.Rc4 Na7 {To avoid Rc8.} 41.h5 $1 gxh5 ( 41...g5 {weakens the f5-square and White can win in many ways.} ) 42.Rg7+ Rf7 43.Rg8 {with complete domination.} ) 37...axb5 38.Rf3 $6 {Another bad move. Dominguez loses control of the game.} ( 38.Rxb5 Kf6 39.Rg3 {Still give some winning chances, although Black should make a draw after} ( 39.Kf2 $6 Ke5+ 40.Ke3 Rf4 $1 {with counterplay.} ) 39...g5 40.hxg5+ hxg5 {As his king and rooks can become active in the next moves.} ) 38...Rfe7 39.Kf2 Rc7 40.Ke3 Rc2 {Now Black has enough counterplay for a draw.} 41.Rf2 Rc1 42.Kd3 Rd1+ 43.Rd2 Re1 44.Re2 Rd1+ 45.Rd2 Re1 46.Rf2 Rd1+ 47.Rd2 Re1 1/2-1/2